 Dungeon Crawl Stone Soup version 0.32-a0-675-gdc239d62e1 (webtiles) character file.

Game seed: 2439269023172142290

291 lunkers the Cudgeller (level 6, 0/47 HPs)
             Began as a Coglin Berserker on Mar 11, 2024.
             Was a Believer of Trog.
             Killed from afar by Dowan (10 damage)
             ... with a stone arrow
             ... on level 4 of the Dungeon.
             The game lasted 00:02:57 (2745 turns).

lunkers the Cudgeller (Coglin Berserker)            Turns: 2745, Time: 00:02:58

Health: 0/47       AC:  6    Str: 19    XL:     6   Next: 32%
Magic:  6/6        EV: 11    Int:  7    God:    Trog [**....]
Gold:   197        SH:  0    Dex: 13    Spells: 5/5 levels left

rFire   + . .        p - +0 morningstar {Chang}
rCold   . . .        t - +0 morningstar {Nolwazi}
rNeg    . . .        u - +3 leather armour {rF+}
rPois   .            (no helmet)
rElec   .            (no cloak)
rCorr   .            (no gloves)
SInv    .            (no boots)
Will    ++...        (amulet unavailable)
Stlth   +            (ring unavailable)
HPRegen 1.27/turn    (ring unavailable)
MPRegen 0.10/turn    (no gizmo)

%: no passive effects
@: strong-willed, regenerating, revving
A: off-hand wielding, slow wielding, warmup strikes, no jewellery
a: Invent Gizmo, Renounce Religion, Berserk, Trog's Hand


You were on level 4 of the Dungeon.
You worshipped Trog.
Trog was pleased with you.
You visited 1 branch of the dungeon, and saw 4 of its levels.

You collected 197 gold pieces.

Inventory:

Hand Weapons
 a - a +0 mace {Paramjit}
 j - a +0 mace {Mishil}
 p - a +0 morningstar (weapon) {Chang}
 t - a +0 morningstar (offhand) {Nolwazi}
Missiles
 k - a throwing net
Armour
 b - a +0 animal skin
 d - a +0 plate armour
 i - a +0 scale mail
 u - a +3 leather armour of fire resistance (worn)
Wands
 s - a wand of charming (7)
Scrolls
 f - 3 scrolls of identify {unknown}
 h - 2 scrolls of immolation {unknown}
 l - a scroll of noise {unknown}
 m - a scroll of poison {unknown}
 n - a scroll of fear {unknown}
 o - a scroll of amnesia {unknown}
 q - a scroll of revelation {unknown}
Potions
 c - 3 potions of curing {unknown}
 e - 2 potions of magic {unknown}
 g - a potion of mutation {unknown}
 r - a potion of attraction {unknown}


   Skills:
 - Level 3.0 Fighting
 + Level 6.3 Maces & Flails
 - Level 1.7 Armour
 - Level 1.7 Dodging


You had 5 spell levels left.
You didn't know any spells.
Your spell library was empty.

Dungeon Overview and Level Annotations

Branches:
Dungeon (4/15)
 Temple: D:4-7

Altars:

Shops:
D:2 :   D:4 =

Annotations:
D:4 Dowan


Innate Abilities, Weirdness & Mutations

You can wield a second weapon in your off-hand.
It takes a long time for you to wield or remove held weapons.
Your first few attacks do less damage.
You cannot equip rings or amulets.


Message History

Dowan, Brother of Duvessa comes into view.
He is wielding a +0 dagger.
Duvessa barely misses you.
Dowan shouts!
You puncture Duvessa with your +0 morningstar!
Duvessa is moderately wounded.
You closely miss Duvessa with your +0 morningstar.
Dowan gestures wildly while chanting.
Dowan blinks!
Duvessa closely misses you.
Unknown command.
You sock Duvessa with your +0 morningstar!
Duvessa is severely wounded.
You closely miss Duvessa with your +0 morningstar.
Duvessa hits you with a +3 short sword of holy wrath.
Dowan gestures wildly while chanting.
Dowan blinks!
Duvessa hits you with a +3 short sword of holy wrath!
Unknown command.
You thump Duvessa with your +0 morningstar!
You kill Duvessa!
Trog accepts your kill.
You hear a distant wail of despair.
Your Maces & Flails skill increases to level 6!
You have reached level 6!
Dowan is nearby!
Dowan seems to find hidden reserves of power!
Dowan casts a spell at you. The shard of ice hits you!!
Ouch! That really hurt!
* * * LOW HITPOINT WARNING * * *
Things that are here:
a +3 short sword of holy wrath; a +0 leather armour; the elf corpse of Duvessa
Okay, then.
Your skin crawls.
You feel strong-willed.
Dowan points at you and mumbles some strange words.
The stone arrow misses you.
Dowan says, "Her death will not be in vain!"
Dowan gestures at you while chanting. The stone arrow hits you!
You die...

######## ##
#......##### .#
#.####.#... .#
###.####.#.####
.###.......<.....#
.....#.####.#.##.#
.#####.####.#.##.##.#
.# #......#..)@.e.#
.# ###########.....#
.# #.###.# .# #.. #
.# #.#. .# #....
.####.. ### ##
........ #####...


You could see Dowan (fast).

Vanquished Creatures
  Duvessa (D:4)
  A bombardier beetle (D:4)
  A jelly (D:4)
  An orc priest (D:3)
  3 adders (D:2)
  2 dart slugs
  6 orcs
  3 endoplasms (D:2)
  3 giant cockroaches
  4 goblins
  7 hobgoblins
  3 quokkas
  7 ball pythons
  2 frilled lizards
  9 kobolds
  9 rats
  A spectral goblin (D:2)
63 creatures vanquished.

Notes
Turn   | Place    | Note
-------+----------+-------------------------------------------
     0 | D:1      | lunkers the Coglin Berserker began the quest for the Orb.
     0 | D:1      | Reached XP level 1. HP: 18/18 MP: 1/1
   194 | D:1      | Reached skill level 3 in Maces & Flails
   335 | D:1      | Reached XP level 2. HP: 24/24 MP: 2/2
  1154 | D:2      | Reached XP level 3. HP: 29/29 MP: 3/3
  1263 | D:2      | Reached skill level 4 in Maces & Flails
  1425 | D:2      | Reached XP level 4. HP: 35/35 MP: 4/4
  1456 | D:2      | Found a faded altar of an unknown god.
  1784 | D:2      | Found Fufun's Book Emporium.
  1864 | D:3      | Reached ** piety under Trog
  1947 | D:3      | Reached skill level 5 in Maces & Flails
  2146 | D:3      | You fall into a shaft and drop 1 floor!
  2187 | D:4      | Found Gausum's Jewellery Shop.
  2217 | D:4      | Reached XP level 5. HP: 23/41 MP: 5/5
  2736 | D:4      | Noticed Duvessa
  2737 | D:4      | Noticed Dowan
  2740 | D:4      | Killed Duvessa
  2741 | D:4      | Reached skill level 6 in Maces & Flails
  2741 | D:4      | Reached XP level 6. HP: 34/47 MP: 6/6
  2745 | D:4      | Killed from afar by Dowan

Illustrated notes

Levels and vault maps discovered:
D:1:      dpeg_arrival_arbitrary_b, layout_basic
D:2:      layout_loops_ring, serial_shops, shop,
          dreamdust_ecumenical_altar_drowned_temple
D:3:      layout_rooms, lemuel_tele_altar
D:4:      layout_loops_cross, serial_shops, shop, uniq_duvessa

Skill      XL: |  1  2  3  4  5 |
---------------+----------------+-----
Maces & Flails | 3 4 5 6 |  6.3
Fighting       | |  3.0
Armour         | |  1.7
Dodging        | |  1.7

Action                     |  1- 3 |  4- 6 || total
---------------------------+-------+-------++-------
  Melee: Dagger            |    34 |       ||    34
         Mace              |    93 |    64 ||   157
         Morningstar       |       |    32 ||    32
 Invoke: Berserk           |       |     1 ||     1
         Trog's Hand       |       |     1 ||     1
 Armour: Animal skin       |    24 |       ||    24
         Scale mail        |    13 |    37 ||    50
         Leather armour    |       |     4 ||     4
  Dodge: Dodged            |    39 |    28 ||    67

Table legend: (Time is in decaauts)
 A = Elapsed time spent in this place.
 B = Non-inter-level travel time spent in this place.
 C = Inter-level travel time spent in this place.
 D = Time resting spent in this place.
 E = Time spent auto-exploring this place.
 F = Levels seen in this place.
 G = Mean time per level.
                   A        B        C        D        E       F      G
               +--------+--------+--------+--------+--------+-----+--------+
         Total |   2779 |   2596 |    183 |      0 |   2140 |   4 |  694.8 |
       Dungeon |   2779 |   2596 |    183 |      0 |   2140 |   4 |  694.8 |
               +--------+--------+--------+--------+--------+-----+--------+

Top non-repeatable levels by time:
     D:1: 1143 daAuts
     D:2: 715 daAuts
     D:4: 604 daAuts
     D:3: 317 daAuts
